 Dungeon Crawl Stone Soup version 0.24-a0-203-gf0bc1e9 (webtiles) character file.

Game seed: 9603287616966750792

38693 Borgoz the Covert (level 14, 0/87 HPs)
             Began as a Kobold Gladiator on Mar 26, 2019.
             Was an Elder of Ashenzari.
             Slain by a minotaur (7 damage)
             ... in a Gauntlet.
             The game lasted 00:49:26 (18759 turns).

Borgoz the Covert (Kobold Gladiator)               Turns: 18759, Time: 00:49:26

Health: 0/87       AC: 21    Str: 18    XL:     14   Next: 35%
Magic:  0/25       EV: 24    Int: 11    God:    Ashenzari [****..]
Gold:   758        SH:  0    Dex: 25    Spells: 28/28 levels left

rFire    + . .     SeeInvis +   J - +3 quick blade (flame) (curse)
rCold    + . .     Gourm    .   (shield restricted)
rNeg     . . .     Faith    .   G - +1 shadow dragon scales
rPois    .         Spirit   +   C - +2 hat {SInv}
rElec    .         Reflect  .   U - scarf {rC+ rF+}
rCorr    .         Harm     .   i - +2 pair of gloves {Str+3}
MR       ++...     Clarity  +   (no boots) Stlth ++++++++..NoTele +
                                L - amulet of guardian spirit
HPRegen  0.24/turn              h - +4 ring of dexterity
MPRegen  0.19/turn              B - ring of protection from magic

@: agile
A: small, carnivore
a: Curse Item, Scrying, Renounce Religion


You were in a Gauntlet.
You worshipped Ashenzari.
Ashenzari was greatly pleased with you.
You were completely stuffed.

You visited 3 branches of the dungeon, and saw 17 of its levels.
You visited the Abyss 1 time.
You also visited: Ossuary and Gauntlet.

You collected 1268 gold pieces.
You spent 510 gold pieces at shops.

Inventory:

Hand Weapons
 J - a cursed +3 quick blade of flaming (weapon)
 K - a +3 rapier
Missiles
 v - 6 tomahawks (quivered)
Armour
 g - a scarf of cloud immunity
 i - a +2 pair of gloves of strength (worn)
 m - a +0 leather armour of cold resistance
 C - a +2 hat of see invisible (worn)
 G - +1 shadow dragon scales (worn)
 U - a scarf of resistance (worn)
Jewellery
 d - an uncursed ring of protection from cold
 h - a +4 ring of dexterity (left hand)
 z - an uncursed amulet of the acrobat
 A - a +4 ring of intelligence
 B - a ring of protection from magic (right hand)
 L - an amulet of guardian spirit (around neck)
 P - the ring "Ceatroox" {rPois rN+++ AC+2 Str-2 Int-5}
   (You found it on level 11 of the Dungeon)

   [ring of protection]

   It affects your AC (+2).
   It affects your strength (-2).
   It affects your intelligence (-5).
   It protects you from poison.
   It renders you almost immune to negative energy.
 R - an uncursed ring of fire
 V - an uncursed ring of ice
Wands
 S - a wand of iceblast (3)
Scrolls
 b - a scroll of enchant armour
 c - a scroll of enchant weapon
 e - 11 scrolls of remove curse
 k - 2 scrolls of fear
 l - 2 scrolls of magic mapping
 n - 3 scrolls of identify
 s - 10 scrolls of teleportation
 E - a scroll of fog
Potions
 a - a potion of agility
 j - 2 potions of magic
 o - 2 potions of brilliance
 u - 2 potions of resistance
 w - 6 potions of lignification
 x - 4 potions of curing
 H - a potion of haste
 I - 2 potions of flight
 Q - a potion of cancellation
Comestibles
 f - 40 rations
 q - 6 chunks of flesh


   Skills:
 + Level 9.8 Fighting
 + Level 11.8(14.9) Short Blades
 - Level 5.0 Throwing
 * Level 10.4 Armour
 + Level 10.8 Dodging
 + Level 12.1 Stealth
 + Level 7.7 Spellcasting
 + Level 8.5 Evocations


You had 28 spell levels left.
You didn't know any spells.
Your spell library contained the following spells:

 Spells                   Type           Power        Failure   Level  Hunger
 Beastly Appendage        Tmut           #.....       80%         1    None
 Flame Tongue             Conj/Fire      #....        80%         1    None
 Magic Dart               Conj           #...         80%         1    None
 Poisonous Vapours        Pois/Air       #.....       90%         2    #......
 Searing Ray              Conj           #.....       90%         2    #......
 Sticks to Snakes         Tmut           #.......     90%         2    #......
 Throw Flame              Conj/Fire      #.....       90%         2    #......
 Conjure Flame            Conj/Fire      #.......     99%         3    ###....
 Dazzling Spray           Conj/Hex       #.....       99%         3    ###....
 Inner Flame              Hex/Fire       #.......     99%         3    ###....
 Mephitic Cloud           Conj/Pois/Air  #.......     99%         3    ###....
 Spider Form              Tmut/Pois      #.........   99%         3    ###....
 Force Lance              Conj/Tloc      #.......     100%        4    ####...
 Fulminant Prism          Conj/Hex       #.........   100%        4    ####...
 Ice Form                 Ice/Tmut       #.......     100%        4    ####...
 Iskenderun's Mystic Bla  Conj           #.......     100%        4    ####...
 Sticky Flame             Conj/Fire      #.......     100%        4    ####...
 Blade Hands              Tmut           #.........   100%        5    ######.
 Fireball                 Conj/Fire      #.........   100%        5    ######.
 Freezing Cloud           Conj/Ice/Air   #.........   100%        6    #######
 Ring of Flames           Chrm/Fire      #.........   100%        7    #######


Dungeon Overview and Level Annotations

Branches:
Dungeon (14/15)            Temple (1/1) D:7            Lair (2/6) D:10
  Snake (0/4) Lair:2          Orc (0/2) D:9
  Swamp: Lair:2-4    Shoals: Lair:2-4    Vaults: D:13-14

Altars:
Ashenzari
Cheibriados
Dithmenos
Elyvilon
Fedhas
Gozag
Hepliaklqana
Kikubaaqudgha
Makhleb
Nemelex Xobeh
Okawaru
Qazlal
Ru
Sif Muna
Trog
Uskayaw
Vehumet
Wu Jian
Xom
Yredelemnul
Zin
The Shining One

Shops:
D:10 *

Annotations:
D:8 3 runed translucent doors, kal9871's ghost, novice DDFi
D:11 1 runed translucent door, Thaneod's ghost, journeyman DEFE
Lair:1 2 transporters Gauntlet 4 transporters


Innate Abilities, Weirdness & Mutations

You are small and have problems with some larger weapons.
You are carnivorous and can eat meat at any time.


Message History

The minotaur is severely wounded.
You hit the minotaur but do no damage.
The minotaur is severely wounded.
Evoke which item? (* to show all) (? for menu, Esc to quit)
Okay, then.
Okay, then.
Okay, then.
As you read the scroll of fear, it crumbles to dust.
You assume a fearsome visage.
The minotaur looks frightened!
You feel better.
You feel better.
Cornered, the minotaur turns to fight!
You feel better.
You feel better. The minotaur hits you!!
* * * LOW HITPOINT WARNING * * *
The minotaur completely misses you.
You hit the minotaur but do no damage.
The minotaur is severely wounded.
The minotaur hits you but does no damage.
The minotaur gores you!
You die...

#########.#########
#.##### #.....#
#######.# #.....#.#
#.###.#.# #.#∩#.#.#
#.#H#.#.# #.#@#.#.#
#.#...#.# #.#####.#
#.......# #########


You could see a minotaur.

Vanquished Creatures
  Rupert (D:13)
  Gastronok (D:9)
  An ogre mage (D:14)
  Fannar (D:12)
  2 hydras
  10 two-headed ogres
  A glowing orange brain (Abyss:3)
  An unseen horror (D:11)
  A wizard (D:14)
  A necromancer (Gauntlet)
  Pikel (D:6)
  An ugly thing (D:13)
  A deep elf mage (D:12)
  6 elephants (Lair:1)
  2 manticores (D:12)
  12 slime creatures
  A rust devil (D:14)
  A spiny frog (Lair:1)
  A gargoyle (D:10)
  An orange demon (Abyss:3)
  A komodo dragon (D:14)
  A kobold demonologist (D:14)
  A merfolk (D:10)
  2 hornets
  4 trolls
  Grinder (D:4)
  8 hippogriffs
  A raiju (Gauntlet)
  2 centaur simulacra (Gauntlet)
  A wyvern (shapeshifter) (D:14)
  Sigmund (D:6)
  A ynoxinul (Abyss:3)
  5 wyverns
  4 yaks (D:11)
  2 hungry ghosts
  Eustachio (D:5)
  A steam dragon (Gauntlet)
  A warg (D:9)
  Menkaure (D:6)
  Edmund (D:5)
  An acid dragon (D:12)
  2 water moccasins
  2 porcupines (Lair:1)
  3 orc warriors
  2 black bears
  5 sky beasts
  A meliai simulacrum (Gauntlet)
  A necrophage (D:9)
  A slave (D:6)
  3 ice beasts
  2 phantoms
  7 ogres
  9 wolves
  3 centaurs
  3 crocodiles (Lair:1)
  6 big kobolds
  16 bullfrogs
  A wyvern zombie (D:11)
  2 gnoll sergeants
  A wyvern skeleton (D:8)
  4 scorpions
  3 killer bees
  4 wights (D:12)
  An electric eel (D:14)
  3 howler monkeys
  5 crimson imps
  A centaur zombie (D:6)
  3 bullfrog zombies
  A wyvern simulacrum (Gauntlet)
  7 orc priests
  5 hounds
  3 quasits
  2 centaur skeletons
  A human zombie (Ossuary)
  6 bullfrog skeletons
  6 jellies
  12 orc wizards
  Crazy Yiuf (D:2)
  Jessica (D:2)
  4 iguanas
  11 worker ants
  A big kobold zombie (Ossuary)
  A killer bee zombie (D:7)
  A hound zombie (D:5)
  3 hound skeletons
  5 mummies (Ossuary)
  A howler monkey zombie (D:7)
  A worker ant zombie (D:3)
  5 gnolls
  15 adders
  4 shadow imps
  An ooze (D:3)
  2 adder skeletons
  A worm (D:2)
  2 dart slugs
  6 leopard geckos
  41 orcs
  2 ball pythons (D:5)
  6 giant cockroaches
  2 gnoll zombies (Ossuary)
  8 goblins
  11 hobgoblins
  8 jackals
  24 kobolds
  8 quokkas
  6 bats
  7 frilled lizards
  3 goblin zombies
  A kobold zombie (Ossuary)
  An orc zombie (Ossuary)
  A quokka skeleton (D:7)
  7 rats
  A rat zombie (D:8)
  A butterfly (Lair:2)
429 creatures vanquished.

Vanquished Creatures (others)
  A wraith (D:12)
  5 fungi
  13 plants
  A withered plant (Gauntlet)
20 creatures vanquished.

Grand Total: 449 creatures vanquished

Notes
Turn   | Place    | Note
-------+----------+-------------------------------------------
     0 | D:1      | Borgoz the Kobold Gladiator began the quest for the Orb.
     0 | D:1      | Reached XP level 1. HP: 12/12 MP: 1/1
    71 | D:1      | Reached XP level 2. HP: 13/17 MP: 2/2
   502 | D:1      | Reached XP level 3. HP: 16/22 MP: 3/3
   726 | D:2      | Reached skill level 1 in Stealth
   769 | D:2      | Found a runed translucent door.
   770 | D:2      | Noticed Crazy Yiuf
   899 | D:2      | Reached skill level 1 in Armour
   926 | D:2      | Found a hide-covered altar of Uskayaw.
   926 | D:2      | Found a sacrificial altar of Ru.
   927 | D:2      | Found a shimmering altar of Xom.
   927 | D:2      | Found a snail-covered altar of Cheibriados.
   929 | D:2      | Noticed Jessica
   949 | D:2      | HP: 1/22 [something (5)]
   959 | D:2      | Killed Jessica
   959 | D:2      | Reached skill level 1 in Spellcasting
   959 | D:2      | Reached XP level 4. HP: 10/27 MP: 5/5
  1153 | D:2      | Noticed an ogre
  1169 | D:2      | Killed an ogre
  1169 | D:2      | Reached skill level 2 in Stealth
  1169 | D:2      | Reached XP level 5. HP: 32/32 MP: 5/7
  1587 | D:2      | HP: 1/32 [Crazy Yiuf/+2 quarterstaff of chaos (2)]
  1591 | D:2      | Killed Crazy Yiuf
  1591 | D:2      | Reached XP level 6. HP: 9/37 MP: 6/8
  2079 | D:3      | Found a shadowy altar of Dithmenos.
  2602 | D:3      | Reached skill level 3 in Stealth
  2929 | D:4      | Reached skill level 5 in Short Blades
  3128 | D:4      | Reached XP level 7. HP: 37/41 MP: 8/10
  3400 | D:4      | Reached skill level 1 in Evocations
  3995 | D:4      | Noticed Grinder
  4025 | D:4      | Killed Grinder
  4025 | D:4      | Reached skill level 4 in Stealth
  4025 | D:4      | Reached XP level 8. HP: 33/48 MP: 11/11
  4146 | D:4      | Reached skill level 5 in Dodging
  4251 | D:5      | Entered Level 5 of the Dungeon
  4286 | D:5      | Noticed Eustachio
  4569 | D:5      | Noticed Edmund
  4603 | D:5      | Killed Edmund
  4724 | D:5      | Reached XP level 9. HP: 28/52 MP: 13/13
  4965 | D:5      | Reached skill level 5 in Stealth
  5241 | D:5      | Found a white marble altar of Elyvilon.
  5245 | D:5      | Got a crystal short sword
  5293 | D:5      | Identified the +0 short sword of Blind Justice {venom, rC+}
                  | (You found it on level 5 of the Dungeon)
  5406 | D:5      | Killed Eustachio
  5803 | D:6      | Noticed Pikel
  5848 | D:6      | Killed Pikel
  5848 | D:6      | Reached skill level 5 in Fighting
  5848 | D:6      | Reached skill level 5 in Throwing
  6035 | D:6      | Reached skill level 6 in Stealth
  6042 | D:6      | Noticed Menkaure
  6046 | D:6      | Killed Menkaure
  6056 | D:6      | Noticed Sigmund
  6070 | D:6      | Killed Sigmund
  6070 | D:6      | Reached skill level 5 in Armour
  6135 | D:6      | Reached XP level 10. HP: 59/59 MP: 16/16
  6553 | D:7      | Found an ancient bone altar of Kikubaaqudgha.
  6780 | D:6      | Reached skill level 5 in Evocations
  7092 | D:7      | Reached skill level 7 in Stealth
  7336 | D:7      | Found a staircase to the Ecumenical Temple.
  7451 | Temple   | Entered the Ecumenical Temple
  7529 | Temple   | Became a worshipper of Ashenzari the Shackled
  7720 | D:8      | Found a runed translucent gate.
  7721 | D:8      | Found a runed translucent gate.
  7721 | D:8      | Found a runed translucent gate.
  7722 | D:8      | Noticed kal9871's ghost (novice DDFi)
  7723 | D:8      | Noticed a ten-headed hydra
  8058 | D:8      | Found a sand-covered staircase.
  8089 | Ossuary  | Entered an ossuary
  8453 | D:8      | Reached skill level 5 in Spellcasting
  9094 | D:9      | Reached XP level 11. HP: 50/66 MP: 18/18
  9248 | D:9      | Reached * piety under Ashenzari
  9274 | D:9      | Noticed a two-headed ogre
  9281 | D:9      | Killed a two-headed ogre
  9281 | D:9      | Reached skill level 8 in Stealth
  9319 | D:9      | Found a staircase to the Orcish Mines.
  9665 | D:9      | Noticed Gastronok
  9685 | D:9      | Killed Gastronok
  9973 | D:9      | Found a glowing silver altar of Zin.
 10043 | D:9      | Reached skill level 9 in Stealth
 10461 | D:9      | Found a burning altar of Makhleb.
 10545 | D:10     | Entered Level 10 of the Dungeon
 10662 | D:10     | Found a staircase to the Lair.
 10694 | D:10     | Found Othatz's General Store.
 10700 | D:10     | Bought an uncursed amulet of guardian spirit for 510 gold
                  | pieces
 11045 | D:10     | Identified a scroll of acquirement
 11370 | D:11     | Reached ** piety under Ashenzari
 11496 | D:11     | Reached XP level 12. HP: 59/73 MP: 16/19
 11654 | D:11     | Found a runed translucent door.
 11655 | D:11     | Noticed a yaktaur captain
 11656 | D:11     | Noticed Thaneod's ghost (journeyman DEFE)
 11672 | D:11     | Noticed a two-headed ogre
 11679 | D:11     | Killed a two-headed ogre
 11716 | D:11     | Identified the ring "Ceatroox" {rPois rN+++ AC+2 Str-2
                  | Int-5}
 11733 | D:11     | Noticed a two-headed ogre
 11757 | D:11     | Killed a two-headed ogre
 12281 | D:11     | Reached skill level 10 in Short Blades
 12368 | D:11     | Noticed an unseen horror
 12399 | D:11     | Killed an unseen horror
 12713 | D:12     | Noticed Fannar
 12763 | D:12     | Noticed a two-headed ogre
 12810 | D:11     | Killed a two-headed ogre
 12810 | D:11     | Reached skill level 10 in Stealth
 13089 | D:12     | Found a shimmering altar of Xom.
 13143 | D:12     | Noticed an eight-headed hydra
 13172 | D:12     | Killed an eight-headed hydra
 13371 | D:12     | Killed Fannar
 13641 | D:12     | Found the +7 mace of Variability {chain chaos}
 13770 | D:12     | Reached XP level 13. HP: 53/79 MP: 15/22
 14004 | D:12     | Reached *** piety under Ashenzari
 14126 | D:13     | Found a shimmering altar of Xom.
 14129 | D:13     | Noticed an eight-headed hydra
 14653 | D:13     | Noticed Rupert
 14668 | D:13     | Killed Rupert
 14668 | D:13     | Reached skill level 10 in Dodging
 14668 | D:13     | Reached skill level 11 in Stealth
 15338 | D:14     | Reached **** piety under Ashenzari
 15759 | D:14     | Cast into level 3 of the Abyss (a wizard)
 15759 | Abyss:3  | Found a corrupted altar of Lugonu.
 15869 | Abyss:3  | Noticed a starcursed mass
 16043 | D:14     | Escaped the Abyss
 16279 | D:14     | Noticed an ogre mage
 16318 | D:14     | Killed an ogre mage
 16334 | D:14     | Reached skill level 10 in Armour
 16431 | D:13     | Killed an eight-headed hydra
 16431 | D:13     | Reached XP level 14. HP: 52/86 MP: 21/24
 16516 | Lair:1   | Entered Level 1 of the Lair of Beasts
 16597 | Lair:1   | Found a transporter.
 17222 | Lair:1   | Found a transporter.
 17964 | Lair:2   | Found a gate leading to a gauntlet.
 17967 | Gauntlet | Entered a Gauntlet
 17967 | Gauntlet | Found a transporter.
 17967 | Gauntlet | Found a transporter.
 17967 | Gauntlet | Identified the ring "Baevauk" {rF+ rC+ MP+9}
 17972 | Gauntlet | Found a transporter.
 17972 | Gauntlet | Found a transporter.
 17981 | Gauntlet | Noticed a cacodemon
 17984 | Gauntlet | Found a transporter.
 18047 | Gauntlet | Found a transporter.
 18057 | Gauntlet | Found a transporter.
 18072 | Gauntlet | Found a transporter.
 18082 | Gauntlet | Found a transporter.
 18097 | Gauntlet | Found a transporter.
 18103 | Gauntlet | Found a transporter.
 18124 | Gauntlet | Found a transporter.
 18232 | Gauntlet | Reached skill level 12 in Stealth
 18720 | Gauntlet | Noticed a minotaur
 18726 | Gauntlet | Found the +4 moon troll leather armour {Spirit, Regen++
                  | MP+5}
 18751 | Gauntlet | HP: 3/87 [minotaur (5)]
 18759 | Gauntlet | Slain by a minotaur

Levels and vault maps discovered:
D:1:      psy_arrival_dodecagon, layout_loops_cross, nrook_loot_triangle,
          corexii_corridor_pit
D:2:      layout_basic, chequers_temple_overflow_statue_of_worship,
          dk_vineyard_3, uniq_crazy_yiuf_cottage, uniq_jessica
D:3:      layout_loops_ring, marbit_many_paths, grunt_decor_arrowhead,
          st_stairs_10
D:4:      layout_gridville, first_ration, uniq_grinder
D:5:      cheibrodos_fzero, layout_basic, lemuel_coloured_pillars_altar,
          uniq_eustachio, uniq_edmund
D:6:      layout_basic, chequers_hall_statues_wall_a, uniq_sigmund,
          uniq_menkaure, uniq_pikel
D:7:      layout_rooms, temple_hall, basic_altar, st_stairs_11
D:8:      layout_loops_ring, enter_ossuary_4, gammafunk_ghost_hydra_chop
D:9:      layout_layer_cave, makhleb_blood_cavern_becter, zin_scriptorium,
          erik_orc_4, uniq_gastronok
D:10:     layout_loops_cross, lair_entry_dummy, serial_shops, shop,
          hangedman_fish_farm
D:11:     layout_loops_corners, ebering_ghost_inner_flame,
          minmay_the_grid_square_5x5_3x3_mashed
          [minmay_the_grid_square_5x5_inverted_slash,
          minmay_the_grid_square_5x5_checkered_sparse,
          minmay_the_grid_square_5x5_tie, minmay_the_grid_square_5x5_shrine2,
          minmay_the_grid_square_5x5_megaprize_hollow,
          minmay_the_grid_square_5x5_percent,
          minmay_the_grid_square_5x5_two_walls_b,
          minmay_the_grid_square_5x5_six_small,
          minmay_the_grid_square_5x5_three]
D:12:     minmay_spotlight, layout_irregular_city, basic_altar, uniq_fannar
D:13:     layout_irregular_city, nicolae_sextant, xom_teletrap_fun, uniq_rupert
D:14:     kennysheep_demon_hangout, layout_small_grid, erik_vaults_1,
          minmay_misc_feat_ornament, serial_bayou_ford_a
Temple:   nicolae_temple_great_sept
Lair:1:   gammafunk_cloud_chamber, layout_cave_pods
Lair:2:   layout_layer_cave, guppyfry_snake_entry_island,
          gauntlet_entry_generic, special_room [special_room_bee], st_stairs_11,
          chequers_serial_rivers_small_b, lemuel_fruit_fields
Abyss:3:  evilmike_abyss_exit_smiterflies, hangedman_abyss_rune_macabre_mess,
          hangedman_abyss_or_decor_passed
Ossuary:  ossuary_crypta
Gauntlet: gammafunk_gauntlet_shortcut [gammafunk_gauntlet_arena_arrow_garden,
          gammafunk_gauntlet_arena_crates, nicolae_gauntlet_arena_grate_2,
          nicolae_gauntlet_arena_flowing_pool, gammafunk_gauntlet_arena_mazey,
          nicolae_gauntlet_arena_quarters, gauntlet_exit_spiral]

Skill      XL: |  1  2  3  4  5  6  7  8  9 10 11 12 13 14 |
---------------+-------------------------------------------+-----
Stealth        | 1 2 3 4 6 7 9 10 11 12 | 12.1
Armour         | 1 2 3 4 5 6 7 9 10 | 10.4
Spellcasting   | 1 2 3 4 5 6 7 |  7.7
Dodging        | 4 5 6 7 8 9 10 | 10.8
Fighting       | 3 4 5 6 7 8 9 |  9.8
Throwing       | 3 4 5 |  5.0
Short Blades   | 5 6 7 8 9 10 11 | 11.8
Evocations     | 1 2 4 5 6 8 |  8.5

Action                   |  1- 3 |  4- 6 |  7- 9 | 10-12 | 13-15 || total
-------------------------+-------+-------+-------+-------+-------++-------
Melee: Rapier            |   114 |   108 |       |   218 |       ||   440
       Dagger            |       |   268 |   240 |    90 |       ||   598
       Short sword       |       |       |   288 |   456 |       ||   744
       Quick blade       |       |       |       |   664 |   841 ||  1505
Throw: Throwing net      |       |     4 |     4 |     5 |     1 ||    14
Evoke: Wand              |       |       |       |    10 |     7 ||    17
  Use: Potion            |     1 |     8 |       |     8 |    11 ||    28
       Scroll            |       |     7 |     2 |    15 |     5 ||    29
 Stab: Sleeping          |     1 |     4 |     7 |    33 |    15 ||    60
       Distracted        |       |     1 |     1 |     1 |     3 ||     6
       Held in net/web   |       |     1 |     5 |     3 |     1 ||    10
       Paralysed         |       |       |       |     4 |     1 ||     5
  Eat: Chunk             |     9 |     7 |    10 |    44 |    16 ||    86
Armor: Leather armour    |    31 |    48 |    83 |       |       ||   162
       Skin              |       |     3 |       |       |       ||     3
       Shadow dragon sca |       |       |     7 |   471 |   204 ||   682
Dodge: Dodged            |    89 |   196 |   324 |   666 |   355 ||  1630

Table legend:
 A = Non-vault XP
 B = Vault XP
 C = Vault XP percentage of total XP
 D = Non-vault monster count
 E = Vault monster count
 F = Vault count percentage of total count
                 A         B        C        D         E       F
            +---------+---------+-------+---------+---------+-------
      Total |   36799 |   18478 |  33.4 |     327 |     101 |  23.6
            +---------+---------+-------+---------+---------+-------
        D:1 |      31 |       0 |   0.0 |      18 |       0 |   0.0
        D:2 |     177 |      76 |  30.0 |      28 |       2 |   6.7
        D:3 |     132 |      28 |  17.5 |      23 |       7 |  23.3
        D:4 |     529 |     337 |  38.9 |      18 |       2 |  10.0
        D:5 |     202 |     846 |  80.7 |       6 |      14 |  70.0
        D:6 |     905 |     986 |  52.1 |      22 |       3 |  12.0
        D:7 |    1329 |     300 |  18.4 |      20 |       3 |  13.0
        D:8 |    1398 |      11 |   0.8 |      26 |       5 |  16.1
        D:9 |    2280 |    2783 |  55.0 |      24 |      15 |  38.5
       D:10 |    1734 |     298 |  14.7 |      18 |       1 |   5.3
       D:11 |    4961 |    1464 |  22.8 |      28 |       8 |  22.2
       D:12 |    4451 |    3485 |  43.9 |      28 |       6 |  17.6
       D:13 |    4569 |    3008 |  39.7 |      21 |       1 |   4.5
       D:14 |    7778 |     531 |   6.4 |      20 |       3 |  13.0
     Lair:1 |    4536 |       0 |   0.0 |      16 |       0 |   0.0
     Lair:2 |    1110 |      85 |   7.1 |       9 |       1 |  10.0
    Abyss:3 |     409 |     983 |  70.6 |       1 |       2 |  66.7
    Ossuary |       0 |     167 | 100.0 |       0 |      13 | 100.0
   Gauntlet |     268 |    3090 |  92.0 |       1 |      15 |  93.8
            +---------+---------+-------+---------+---------+-------
